 Dungeon Crawl Stone Soup version 0.26-a0-34-g9e0bf03589 (webtiles) character file.

Game seed: 9584162954376086140, levelgen mode: deterministic

1423 Maedhros the Martial Artist (level 8, -1/54 HPs)
             Began as an Octopode Artificer on May 29, 2020.
             Slain by a phantom (6 damage)
             ... on level 7 of the Dungeon.
             The game lasted 00:09:24 (1452 turns).

Maedhros the Martial Artist (Octopode Artificer)    Turns: 1452, Time: 00:09:25

Health: -1/54      AC:  1    Str: 12    XL:     8   Next: 72%
Magic:  10/10      EV: 15    Int: 13    God:
Gold:   49         SH:  0    Dex: 17    Spells: 7/7 levels left

rFire    . . .     SeeInvis .     - Unarmed
rCold    . . .     Gourm    .   (no shield)
rNeg     . . .     Faith    .   (helmet restricted)
rPois    .         Spirit   .   (no amulet)
rElec    .         Reflect  .   g - ring "Duawnih" {Dex+3 Stlth-}
rCorr    .         Harm     .   (no ring)
MR       .....                  (no ring)
Stlth    +++.......             (no ring)
HPRegen  0.18/turn              (no ring)
MPRegen  0.12/turn              (no ring)
                                (no ring)
                                (no ring)

@: brilliant, flying
A: almost no armour, stealthy swim, amphibious, 8 rings, constrict 8, camouflage
1, gelatinous body 1
a: no special abilities


You were on level 7 of the Dungeon.
You were not hungry.

You visited 2 branches of the dungeon, and saw 7 of its levels.

You collected 49 gold pieces.

Inventory:

Missiles
 k - 15 poisoned darts (quivered)
Jewellery
 g - the ring "Duawnih" (left tentacle) {Dex+3 Stlth-}
   (You found it on level 7 of the Dungeon)

   [ring of attention]

   It affects your dexterity (+3).
   It makes you less stealthy.
Wands
 b - a wand of flame (11)
 c - a wand of enslavement (10)
 d - a wand of random effects (1)
Scrolls
 a - 2 scrolls of remove curse
 e - 4 scrolls of identify
 h - a scroll of amnesia
 l - a scroll of fear {unknown}
Comestibles
 f - 4 rations
 i - 5 chunks of flesh


   Skills:
 + Level 3.7 Fighting
   Level 1.0 Short Blades
 + Level 4.1 Dodging
 - Level 4.0 Stealth
 + Level 8.5 Unarmed Combat
 - Level 3.2 Evocations


You had 7 spell levels left.
You didn't know any spells.
Your spell library was empty.

Dungeon Overview and Level Annotations

Branches:
Dungeon (7/15)             Temple (1/1) D:4

Altars:
Ashenzari
Fedhas
Hepliaklqana
Okawaru
Qazlal
Ru
Sif Muna
Uskayaw
Zin

Annotations:
D:5 Dowan, Duvessa, Grinder


Innate Abilities, Weirdness & Mutations

You cannot wear most types of armour.
You are very stealthy in the water. (Stealth+)
You are amphibious.
You can wear up to eight rings at the same time.
You can use your tentacles to constrict eight enemies at once.
Your skin changes colour to match your surroundings (Stealth+).
Your rubbery body absorbs attacks. (AC +1, EV +1)


Message History

The phantom resists with some effort.
The phantom blinks!
As you read the scroll labeled LUFOSOGALO, it crumbles to dust.
You feel blessed for a moment.
It was a scroll of remove curse.
As you read the scroll labeled RIOZXE LIFF, it crumbles to dust.
It is a scroll of identify.
h - a scroll of amnesia Evoke which item? (* to show all) (? for menu, Esc to quit)
Aiming: Enslavement
Press: ? - help, Shift-Dir - straight line, f/p - phantom
Aim: a phantom (heavily damaged, chance to defeat MR: 37%)
The phantom resists with some effort.
The phantom closely misses you.
Evoke which item? (* to show all) (? for menu, Esc to quit)
Aiming: Enslavement
Press: ? - help, Shift-Dir - straight line, f/p - phantom
Aim: a phantom (heavily damaged, chance to defeat MR: 37%)
The phantom resists with some effort.
The phantom closely misses you.
You bludgeon the phantom!
The phantom is severely damaged.
The phantom hits you.
You die...

### #.. ##
##W## ... #.#
#@#.#
###.####W###.#
#.#.#.###"#.##
##.#[#.##†###O#
#..#.#..##.†W##
###.#.#.####.##
#.#.#.#.#.##.#
##.........##.#
#.#.#######.#.#


You could see a phantom.

Vanquished Creatures
  A hornet (D:7)
  Edmund (D:5)
  An ice beast (D:5)
  A sky beast (D:6)
  A phantom (D:7)
  2 ogres
  A bullfrog (D:5)
  A howler monkey (D:4)
  A hound (D:4)
  2 bullfrog skeletons (D:6)
  2 orc priests (D:5)
  2 orc wizards (D:5)
  Ijyb (D:5)
  An iguana (D:7)
  4 worker ants
  2 howler monkey skeletons (D:4)
  2 adders
  An ooze (D:6)
  An adder zombie (D:5)
  11 orcs
  A ball python (D:6)
  A giant cockroach (D:5)
  A quokka (D:6)
  2 frilled lizards
44 creatures vanquished.

Vanquished Creatures (collateral kills)
  A phantom (D:4)
  A howler monkey (D:7)
  A hound (D:7)
  A worker ant (D:5)
  An adder skeleton (D:4)
  2 jackals (D:5)
  2 quokkas
9 creatures vanquished.

Vanquished Creatures (others)
  Pikel (D:7)
  A centaur (D:7)
  An iguana (D:4)
  A scorpion (D:5)
  A crimson imp (D:7)
  An orc wizard (D:7)
  A worker ant (D:4)
  An adder (D:7)
  3 orcs
  A leopard gecko zombie (D:7)
12 creatures vanquished.

Grand Total: 65 creatures vanquished

Notes
Turn   | Place    | Note
-------+----------+-------------------------------------------
     0 | D:1      | Maedhros the Octopode Artificer began the quest for the
                  | Orb.
     0 | D:1      | Reached XP level 1. HP: 13/13 MP: 3/3
    38 | D:2      | You fall into a shaft and drop 2 floors!
    43 | D:4      | Noticed a howler monkey
    48 | D:4      | Killed a howler monkey
    48 | D:4      | Reached skill level 1 in Unarmed Combat
    48 | D:4      | Reached XP level 2. HP: 18/18 MP: 4/4
    48 | D:4      | Reached XP level 3. HP: 23/23 MP: 5/5
    73 | D:4      | Reached skill level 2 in Unarmed Combat
    73 | D:4      | Reached XP level 4. HP: 28/28 MP: 6/6
    75 | D:4      | Noticed a phantom
    92 | D:4      | Noticed an ogre
   104 | D:4      | Killed a phantom
   104 | D:4      | Reached skill level 3 in Unarmed Combat
   104 | D:4      | Reached XP level 5. HP: 33/33 MP: 7/7
   119 | D:4      | Killed an ogre
   119 | D:4      | Reached skill level 4 in Unarmed Combat
   199 | D:4      | Found a staircase to the Ecumenical Temple.
   212 | Temple   | Entered the Ecumenical Temple
   290 | D:5      | Entered Level 5 of the Dungeon
   290 | D:5      | Noticed Ijyb
   300 | D:5      | Killed Ijyb
   300 | D:5      | Reached skill level 5 in Unarmed Combat
   300 | D:5      | Reached XP level 6. HP: 18/38 MP: 8/8
   336 | D:5      | Noticed Grinder
   423 | D:6      | Noticed a sky beast
   477 | D:5      | Noticed Edmund
   496 | D:5      | Killed Edmund
   496 | D:5      | Reached skill level 6 in Unarmed Combat
   514 | D:5      | Reached XP level 7. HP: 35/43 MP: 9/9
   579 | D:5      | Noticed Duvessa
   579 | D:5      | Noticed Dowan
   650 | D:6      | Reached skill level 7 in Unarmed Combat
  1184 | D:6      | Reached XP level 8. HP: 38/49 MP: 10/10
  1250 | D:7      | Noticed Pikel
  1283 | D:7      | Killed Pikel
  1283 | D:7      | Reached skill level 8 in Unarmed Combat
  1340 | D:7      | Noticed a hornet
  1385 | D:7      | Killed a hornet
  1424 | D:7      | Noticed a shadow
  1435 | D:7      | Got a scorched bronze ring
  1436 | D:7      | Identified the ring "Duawnih" {Dex+3 Stlth-} (You found it
                  | on level 7 of the Dungeon)
  1452 | D:7      | Slain by a phantom

Illustrated notes

Levels and vault maps discovered:
D:1:      nzn_arrival_depleted_hourglass, layout_basic,
          minmay_stone_trees_small, minmay_tromino_v4_a
D:2:      minmay_chambers_of_ones, layout_loops_corners, first_ration,
          minmay_misc_feat_doors
D:4:      layout_cave_pools, grunt_temple_overflow_lords_of_destruction,
          lemuel_doored_altar, minmay_temple_entry_purple_smoke
D:5:      layout_basic, serial_bayou, serial_bayou_lagoon_a,
          serial_bayou_shore_b, serial_bayou_shore_b, serial_bayou_lake_a,
          uniq_duvessa, uniq_grinder, uniq_edmund, uniq_ijyb
D:6:      layout_cave_pods, overflow_temple_1_default,
          grunt_temple_overflow_open
D:7:      minmay_the_grid_triangle_9x9_rhombus_thin
          [minmay_the_grid_triangle_9x9_from_above,
          minmay_the_grid_triangle_9x9_prize_special,
          minmay_the_grid_triangle_9x9_cache,
          minmay_the_grid_triangle_9x9_pentomino_pain], layout_layer_cave,
          nicolae_overflow_crystal_walls, overflow_temple_1_default, uniq_pikel
Temple:   compressed_dpeg_triangle_lava_temple

Skill      XL: |  1  2  3  4  5  6  7  8 |
---------------+-------------------------+-----
Stealth        | 4 |  4.0
Unarmed Combat | 1 2 3 5 6 7 8 |  8.5
Fighting       | 3 |  3.7
Dodging        | 4 |  4.1
Short Blades   | |  1.0
Evocations     | |  3.2

Action                   |  1- 3 |  4- 6 |  7- 9 || total
-------------------------+-------+-------+-------++-------
Melee: Short sword       |     2 |    21 |    25 ||    48
       Tentacles         |       |     6 |    22 ||    28
       Constrict         |       |     5 |    21 ||    26
       Unarmed           |       |       |    53 ||    53
       Punch             |       |       |     2 ||     2
Evoke: Wand              |     3 |    19 |    31 ||    53
  Use: Potion            |       |       |     4 ||     4
       Scroll            |       |       |     2 ||     2
 Stab: Sleeping          |     2 |     2 |     2 ||     6
       Paralysed         |       |       |     3 ||     3
  Eat: Chunk             |       |       |     2 ||     2
Armor: Skin              |       |     1 |     2 ||     3
Dodge: Dodged            |       |    11 |    40 ||    51

Table legend:
 A = Non-vault XP
 B = Vault XP
 C = Vault XP percentage of total XP
 D = Non-vault monster count
 E = Vault monster count
 F = Vault count percentage of total count
                 A         B        C        D         E       F
            +---------+---------+-------+---------+---------+-------
      Total |    1120 |     913 |  44.9 |      42 |      12 |  22.2
            +---------+---------+-------+---------+---------+-------
        D:1 |       1 |       0 |   0.0 |       1 |       0 |   0.0
        D:4 |     309 |       0 |   0.0 |      10 |       0 |   0.0
        D:5 |     431 |     205 |  32.2 |      17 |       2 |  10.5
        D:6 |     255 |       0 |   0.0 |      12 |       0 |   0.0
        D:7 |     124 |     708 |  85.1 |       2 |      10 |  83.3
            +---------+---------+-------+---------+---------+-------
